 Dungeon Crawl Stone Soup version 0.20-a0-1040-gfd09691 (webtiles) character file.

147 denmord the Covered (level 5, 0/47 HPs)
             Began as a Minotaur Fighter on Apr 23, 2017.
             Killed by divine providence
             ... invoked by an orc priest
              (15 damage)
             ... on level 3 of the Dungeon.
             The game lasted 00:05:55 (1529 turns).

denmord the Covered (Minotaur Fighter)              Turns: 1529, Time: 00:05:56

Health: 0/47       AC: 12    Str: 21    XL:     5   Next: 8%
Magic:  4/4        EV:  9    Int:  5    God:
Gold:   123        SH: 10    Dex: 15    Spells: 4/4 levels left

rFire    . . .     SeeInvis .   a - +0 war axe
rCold    . . .     Gourm    .   c - +0 shield
rNeg     . . .     Faith    .   g - +0 plate armour
rPois    .         Spirit   .   (helmet restricted)
rElec    .         Reflect  .   (no cloak)
rCorr    .         Harm     .   (no gloves)
MR       .....                  (no boots)
Stlth    ..........             (no amulet)
Regen    0.2/turn               (no ring)
MPRegen  0.1/turn               (no ring)

@: agile
A: retaliatory headbutt, horns 2
a: no special abilities


You were on level 3 of the Dungeon.
You were not hungry.

You visited 1 branch of the dungeon, and saw 3 of its levels.

You collected 123 gold pieces.

Inventory:

Hand Weapons
 a - a +0 war axe (weapon)
Armour
 c - a +0 shield (worn)
 g - a +0 plate armour (worn)
Scrolls
 b - a scroll of enchant weapon {unknown}
 e - a scroll of teleportation {unknown}
 j - a scroll of identify {unknown}
 l - a scroll of remove curse {unknown}
Potions
 d - 2 potions of might
 h - a potion of heal wounds
 i - a potion of berserk rage {unknown}
 k - a potion of agility
Comestibles
 f - 3 bread rations


   Skills:
 + Level 4.3 Fighting
 + Level 4.4 Axes
 + Level 4.5 Armour
 + Level 0.7 Dodging
 + Level 4.3 Shields


You had 4 spell levels left.
You didn't know any spells.

Dungeon Overview and Level Annotations

Branches:
Dungeon (3/15)

Altars:


Innate Abilities, Weirdness & Mutations

You reflexively headbutt those who attack you in melee.
You have a pair of horns on your head.


Message History

Pain shoots through your body!
The orc priest mumbles some strange prayers to Beogh against you.
Beogh smites you!
* * * LOW HITPOINT WARNING * * *
The orc priest casts a cantrip, but nothing happens.
Found 12 gold pieces.
The orc priest closely misses you. You furiously retaliate!
You headbutt the orc priest. You barely miss the orc priest.
You headbutt the orc priest!
You kill the orc priest!
You have reached level 5!
The giant cockroach bites you but does no damage.
You slash the giant cockroach!
You kill the giant cockroach!
You closely miss the orc. Your headbutt misses the orc.
The orc barely misses you. The orc hits you but does no damage.
You closely miss the orc. The orc hits you with a falchion.
The orc priest invokes the aid of Beogh against you.
Beogh smites you!
You die...

####### ########
....... #....<.#
....... #......#
.....$. #.<....#..
.......#####.(.......
#..@oo#.(o.o....
#####o..........
###.........
#........g ####......
...... ...>.. ......
...


You could see an orc priest and 2 orcs.

Vanquished Creatures
  An orc priest (D:3)
  Natasha (D:2)
  2 adders (D:2)
  2 worms (D:2)
  3 leopard geckos (D:2)
  2 ball pythons (D:1)
  8 bats
  6 giant cockroaches
  7 goblins
  9 hobgoblins
  6 frilled lizards
  7 kobolds
  10 rats
64 creatures vanquished.

Notes
Turn   | Place    | Note
-------+----------+-------------------------------------------
     0 | D:1      | denmord the Minotaur Fighter began the quest for the Orb.
     0 | D:1      | Reached XP level 1. HP: 19/19 MP: 0/0
   155 | D:1      | Reached XP level 2. HP: 27/27 MP: 1/1
   435 | D:1      | Reached XP level 3. HP: 33/33 MP: 2/2
   891 | D:2      | Noticed Natasha
   898 | D:2      | Killed Natasha
   910 | D:2      | Reached XP level 4. HP: 25/40 MP: 3/3
  1526 | D:3      | Reached XP level 5. HP: 15/47 MP: 4/4
  1529 | D:3      | Killed from afar by an orc priest

Vault maps used:
D:1:      dpeg_arrival_line_fractal, grunt_decor_mini_mirrors, minivault_27,
          st_stairs_4
D:2:      first_bread, uniq_natasha
D:3:      overflow_temple_1_default, xom_redecorated

Skill      XL: |  1  2  3  4 |
---------------+-------------+-----
Fighting       | 4 |  4.3
Armour         | 4 |  4.5
Axes           | 3 4 |  4.4
Shields        | 4 |  4.3
Dodging        | |  0.7

Action                   |  1- 3 |  4- 6 || total
-------------------------+-------+-------++-------
Melee: War axe           |    84 |    65 ||   149
       Headbutt          |    10 |     8 ||    18
  Use: Potion            |       |     2 ||     2
  Eat: Bread ration      |       |     1 ||     1
Armor: Scale mail        |    20 |       ||    20
       Plate armour      |    57 |    68 ||   125
Dodge: Dodged            |    23 |    16 ||    39
Block: Shield            |    53 |    50 ||   103
